Map: Scythe of Amon

Players

LilArrin

  • Race: Terran Terran
  • Spawn Location: 5:00

Yuriprime

  • Race: Zerg Zerg
  • Spawn Location: 5:00

VOD

Have the link to the VOD?

Description

Time

  • Played on: Aug. 28, 2017, 2:09 a.m.
  • Length: 13:10
Show
View Real Time Build Order
Export as new Build Order

LilArrin Terran 

Build Orders:  

Get SALT Encoding   

  12  0:03  SCV  
  13  0:20  SCV  
  14  0:37  SCV  
  15  0:40  Supply Depot  
  15  0:54  SCV  
  16  1:11  SCV  
  17  1:24  Command Center  
  17  1:29  SCV  
  18  1:46  SCV  
  18  1:49  Barracks  
  19  2:03  SCV  
  20  2:22  Orbital Command  
  20  2:46  Command Center  
  20  2:58  SCV  
  21  3:04  Orbital Command  
  21  3:13  Refinery  
  21  3:15  SCV  
  22  3:22  Refinery  
  22  3:32  SCV  
  22  3:37  Barracks  
  23  3:40  SCV  
  23  3:49  SCV  
  25  3:55  Engineering Bay  
  25  3:57  SCV  
  26  4:06  SCV  
  27  4:13  Barracks Tech Lab  
  27  4:17  SCV  
  27  4:19  Barracks Reactor, Barracks  
  28  4:24  SCV  
  28  4:28  Supply Depot  
  29  4:30  Supply Depot  
  29  4:34  Orbital Command  
  29  4:41  Terran Infantry Weapons Level 1  
  29  4:42  Combat Shields  
  29  4:51  SCV  
  29  4:55  Barracks Reactor  
  30  5:08  SCV  
  31  5:30  Marine  
  31  5:31  Marine x2  
  31  5:35  SCV x2  
  36  5:41  Medic  
  36  5:45  Orbital Command  
  36  5:47  Marine  
  36  5:48  Marine x2  
  38  5:51  Medic  
  38  5:57  Marine  
  38  5:59  Marine x2  
  43  6:01  Medic  
  43  6:06  Marine  
  43  6:08  Marine  
  49  6:11  Medic  
  49  6:15  Marine  
  49  6:16  Marine  
  49  6:19  Marine x2  
  54  6:22  Marine  
  54  6:27  SCV x2  
  54  6:28  Marine x2  
  54  6:29  Marine  
  59  6:30  Marine  
  59  6:32  Medic  
  59  6:38  Marine x2  
  59  6:39  Marine  
  64  6:40  Marine  
  64  6:47  SCV  
  69  7:00  Medic, Marine x3, Supply Depot  
  69  7:01  Supply Depot  
  69  7:05  SCV x2  
  76  7:10  Marine  
  76  7:12  Barracks  
  76  7:14  Marine  
  76  7:18  Marine x2  
  78  7:21  Terran Infantry Armor Level 1  
  78  7:25  Marine x2  
  78  7:26  Medic  
  78  7:29  Marine x2  
  79  7:34  SCV  
  79  7:35  Marine  
  79  7:36  Marine  
  84  7:40  Marine  
  84  7:41  Stabilizer Medpacks  
  85  7:54  Barracks Tech Lab  
  85  7:59  Marine x5, Supply Depot  
  87  8:10  Marine x5  
  87  8:16  Marine  
  92  8:20  Marine  
  92  8:21  Marine x3  
  92  8:25  Marine  
  92  8:26  Marine  
  93  8:36  Marine  
  93  8:53  Supply Depot  
  93  8:54  Medic, Marine x4  
  93  8:56  SCV x2  
  93  8:57  Medic, Supply Depot  
  93  8:59  Supply Depot  
  55  9:00  Supply Depot, SCV  
  101  9:04  Marine x5  
  101  9:07  Medic  
  108  9:13  SCV  
  108  9:14  Marine x5  
  108  9:15  Supply Depot  
  108  9:17  Medic  
  116  9:24  Medic, Marine x4  
  116  9:27  Marine  
  124  9:34  Marine x5  
  124  9:39  Marine  
  127  9:44  Marine x4  
  132  9:54  Medic, Supply Depot, SCV  
  132  9:56  Supply Depot  
  132  9:57  SCV  
  132  9:58  Supply Depot  
  136  10:04  Marine  
  136  10:05  Marine x2  
  139  10:16  Marine  
  139  10:17  Marine x3  
  139  10:18  Marauder  
  140  10:20  Marine  
  140  10:27  Marine x3  
  140  10:29  Marine  
  137  10:31  Marauder x2  
  137  10:37  Marine x3  
  137  10:39  Marine  
  143  10:43  Marauder  
  143  10:44  Marauder  
  143  10:47  Marine x3  
  151  10:50  Marine  
  151  10:51  Supply Depot  
  151  10:56  Marauder, Marine  
  157  11:02  Marine x2  
  137  11:15  Marine x3  
  137  11:16  Marauder x2  
  144  11:22  Marine  
  144  11:26  Marine x2  
  144  11:27  Marine  
  144  11:28  Marine  
  144  11:29  Marine  
  146  11:32  Marine  
  146  11:36  Marine  
  146  11:37  Marine x2  
  146  11:38  Medic  
  146  11:39  Marine  
  147  11:42  Marine  
  147  11:47  Marine x3  
  147  11:49  Marine x2  
  152  11:53  Marine  
  152  11:57  Marine x3  
  152  11:59  Marine x2  
  155  12:03  Marine  
  155  12:07  Marine x3  
  155  12:09  Marine  
  154  12:12  Marine  
  154  12:13  Marine  
  154  12:17  Marine x2  
  154  12:18  Marine  
  159  12:20  Marine  
  159  12:22  Marine  
  159  12:24  Marine  
  159  12:27  Marine  
  164  12:42  Marine  
  164  12:43  Marine x2  
Show
View Real Time Build Order
Export as new Build Order

Yuriprime Zerg 

Build Orders:  

Get SALT Encoding   

  12  0:03  Drone  
  13  0:12  Drone  
  14  0:27  Extractor  
  14  0:28  Drone, Extractor  
  13  0:31  Drone  
  16  1:03  Hatchery  
  15  1:11  Overlord  
  15  1:36  Drone x4  
  19  1:43  Extractor  
  19  1:47  Drone  
  19  2:02  Spawning Pool  
  19  2:06  Drone  
  19  2:10  Drone  
  20  2:20  Drone  
  20  2:21  Drone  
  22  2:33  Extractor  
  22  2:38  Queen  
  23  2:43  Drone  
  23  2:49  Drone  
  25  2:52  Drone  
  25  2:58  Drone  
  27  3:04  Drone  
  28  3:17  Lair  
  28  3:27  Evolution Chamber  
  27  3:37  Overlord  
  27  3:41  Drone  
  27  4:28  Nydus Network  
  26  4:30  Drone  
  26  4:31  Drone x6  
  26  4:32  Overlord, Drone x3  
  26  4:38  Heroic Fortitude  
  36  4:55  Hive  
  36  5:18  Overlord  
  36  5:19  Drone x4  
  40  5:27  Chain Reaction  
  38  5:54  Drone  
  38  5:55  Drone x6  
  45  6:40  Hydralisk Den  
  45  6:42  Nydus Network  
  45  6:44  Omega Worm  
  43  7:01  Drone x8  
  43  7:04  Hatchery, Extractor  
  43  7:05  Extractor  
  43  7:08  Drone  
  43  7:09  Drone x3  
  44  7:24  Ability Efficiency  
  44  7:53  Overlord x2  
  44  7:54  Overlord x2  
  44  7:55  Frenzy  
  44  8:30  Omega Worm  
  44  8:37  Hydralisk  
  44  8:38  Hydralisk x4  
  53  8:40  Drone x2  
  54  8:43  Muscular Augments  
  56  9:07  Ancillary Carapace  
  56  9:08  Hydralisk x3  
  62  9:23  Overlord  
  62  9:28  Hydralisk x3  
  72  9:40  Hydralisk x2  
  76  9:50  Hydralisk  
  76  9:51  Hydralisk  
  76  9:55  Omega Worm  
  76  10:07  Omega Worm  
  94  10:30  Zerg Missile Weapons Level 1  
  94  10:34  Hydralisk x4  
  94  10:35  Hydralisk x5  
  94  10:56  Omega Worm  
  94  11:10  Nydus Network  
  93  11:23  Overlord x3  
  93  11:24  Overlord x3  
  85  11:41  Omega Worm  
  83  11:57  Hydralisk  
  83  11:58  Hydralisk x5  
  83  11:59  Hydralisk x6  
  101  12:08  Omega Worm  
  95  12:33  Omega Worm  
Tags
 
Add a new tag
Caveats
  • Supply blocks, unpowered buildings, or Contaminate may cause inaccurate times.
  • Supply counts are checked every 10 seconds.